 Dungeon Crawl Stone Soup version 0.18-a0-1747-g18c4181 (webtiles) character file.

1061 DrGhostsAreBullshit the Ruffian (level 8, 0/68 HPs)
             Began as a Yellow Draconian Warper on Apr 12, 2016.
             Slain by a hound (2 damage)
             ... on level 6 of the Dungeon.
             The game lasted 00:20:52 (6049 turns).

DrGhostsAreBullshit the Ruffian (DrWr)              Turns: 6049, Time: 00:20:53

Health: 0/68       AC: 11    Str: 14    XL:     8   Next: 6%
Magic:  11/11      EV: 14    Int: 13    God:
Gold:   179        SH:  0    Dex: 13    Spells: 2 memorised, 6 levels left

rFire  . . .     SeeInvis .       - Unarmed
rCold  . . .     Gourm    .     (armour unavailable)
rNeg   + . .     Faith    .     (no shield)
rPois  +         Spirit   .     (helmet restricted)
rElec  .         Dismiss  .     f - +1 cloak
rCorr  +         Reflect  .     (no gloves)
SustAt .         Harm     .     l - +2 pair of boots {Stlth+}
MR     .....                    (no amulet)
Stlth  ++........               j - ring of positive energy
                                g - ring of poison resistance

@: very slightly contaminated, not resistant to hostile enchantments, unstealthy
A: spit acid, acid resistance, unfitting armour, cold-blooded, AC +6
a: Spit Acid


You were on level 6 of the Dungeon.
You were not hungry.

You visited 1 branch of the dungeon, and saw 6 of its levels.
You also visited: Ossuary.

You collected 394 gold pieces.
You spent 215 gold pieces at shops.

Inventory:

Missiles
 c - 2 tomahawks of dispersal (quivered)
 e - 6 tomahawks
Armour
 f - a +1 cloak (worn)
 l - a +2 pair of boots of stealth (worn)
 m - a +0 shield
Jewellery
 g - a ring of poison resistance (left hand)
 j - a ring of positive energy (right hand)
Scrolls
 b - 2 scrolls of blinking
 h - a scroll of teleportation
 k - 3 scrolls of remove curse
 n - 2 scrolls of magic mapping
 o - a scroll of identify
 p - 2 scrolls of enchant weapon
 q - a scroll of recharging
 r - a scroll of holy word {unknown}
 t - a scroll of random uselessness {unknown}
Potions
 i - 7 potions of curing
 s - a potion of heal wounds
 u - a potion of mutation
Books
 a - a book of Spatial Translocations

   Spells                             Type                      Level
   a - Apportation                    Translocation                1
   b - Blink                          Translocation                2
   c - Shroud of Golubria             Charms/Translocation         2
   d - Portal Projectile              Translocation                3
   e - Teleport Other                 Translocation                3
   f - Passage of Golubria            Translocation                4
Comestibles
 d - a bread ration


   Skills:
 + Level 5.2 Fighting
 - Level 0.8 Throwing
 + Level 4.2 Dodging
 * Level 7.5 Unarmed Combat
 - Level 2.0 Spellcasting
 - Level 3.0 Translocations


You had 6 spell levels left.
You knew the following spells:

 Your Spells              Type           Power        Failure   Level  Hunger
a - Teleport Other        Tloc           #.......     21%         3    ####...
b - Blink                 Tloc           N/A          12%         2    ###....


Dungeon Overview and Level Annotations

Branches:
Dungeon (6/15)
 Temple: D:4-7

Altars:
Gozag
Kikubaaqudgha
Makhleb
Qazlal
Ru
Trog

Shops:
D:4 [

Annotations:
D:4 Aak's ghost, amateur DrIE


Innate Abilities, Weirdness & Mutations

You can spit globs of acid.
You are resistant to acid.
Your golden yellow scales are hard (AC +6).
Your body does not fit into most forms of armour.
You are cold-blooded and may be slowed by cold attacks.


Message History

The hound closely misses you. The hound bites you but does no damage.
The hound closely misses you. The hound barely misses you.
Your extra speed is starting to run out.
The hound bites you but does no damage. The hound bites you but does no damage.
The hound completely misses you. The hound closely misses you.
The hound misses you. The hound closely misses you.
The hound bites you but does no damage. The hound closely misses you.
The hound barely misses you.
You feel yourself slow down. The hound barely misses you. The hound bites you.
* * * LOW HITPOINT WARNING * * *
The hound bites you.
You die...

##..................
#.........##########
#.........# #
#.........# #
#.........# #
#.........# ###
##.......## ##..
##.....## ##..#
#@############..##
##h#####........###
#.............### #
#.#####'#####.# #
#..##.....##..#####
#...##^^.##........
########..##.##.......z.
#..........###..########
#..........[#......# #


You could see a hound.

Vanquished Creatures
  An ice beast (D:5)
  The ghost of chromaticdragonking the Ruffian, an amateur DrTm of Vehumet (D:3)
  2 ogres
  A centaur (D:6)
  A giant frog (D:6)
  A scorpion (D:6)
  A wight (D:6)
  2 crimson imps
  A centaur zombie (Ossuary)
  A jelly (D:6)
  2 worker ants
  2 big kobold zombies (Ossuary)
  6 mummies
  Robin (D:2)
  A howler monkey zombie (D:5)
  8 adders
  An adder skeleton (D:5)
  5 worms
  3 dart slugs
  A giant gecko (D:5)
  6 orcs
  2 ball pythons
  9 bats
  2 giant cockroaches
  4 hobgoblins
  4 jackals (D:3)
  2 quokkas
  4 giant newts
  13 goblins
  3 hobgoblin zombies (Ossuary)
  4 kobolds
  4 rats
99 creatures vanquished.

Notes
Turn   | Place    | Note
--------------------------------------------------------------
     0 | D:1      | DrGhostsAreBullshit the Draconian Warper began the quest for the Orb.
     0 | D:1      | Reached XP level 1. HP: 17/17 MP: 3/3
   281 | D:1      | Reached XP level 2. HP: 24/24 MP: 5/5
   578 | D:2      | Reached skill level 3 in Unarmed Combat
   755 | D:2      | Noticed Robin
   788 | D:2      | Reached XP level 3. HP: 27/29 MP: 6/6
   860 | D:2      | Killed Robin
   865 | D:2      | Reached skill level 4 in Unarmed Combat
  1047 | D:2      | Learned a level 2 spell: Blink
  1111 | D:2      | Found a bloodstained altar of Trog.
  1302 | D:2      | Found a stormy altar of Qazlal.
  1311 | D:2      | Reached XP level 4. HP: 32/36 MP: 7/7
  1564 | D:3      | Found an opulent altar of Gozag.
  1579 | D:3      | Noticed chromaticdragonking's ghost (amateur DrTm)
  2422 | D:3      | Found a sacrificial altar of Ru.
  2492 | D:4      | Noticed Aak's ghost (amateur DrIE)
  2573 | D:4      | Found a burning altar of Makhleb.
  2573 | D:4      | Found an ancient bone altar of Kikubaaqudgha.
  2621 | D:4      | Noticed an ogre
  2700 | D:3      | Killed chromaticdragonking's ghost
  2700 | D:3      | Reached skill level 5 in Unarmed Combat
  2700 | D:3      | Reached XP level 5. HP: 19/45 MP: 8/8
  2885 | D:4      | oops
  3238 | D:4      | Learned a level 3 spell: Teleport Other
  3281 | D:4      | Reached XP level 6. HP: 14/51 MP: 9/9
  3444 | D:4      | Found Ofuyl Jyese's Armour Shoppe.
  3671 | D:5      | Entered Level 5 of the Dungeon
  4151 | D:5      | Reached skill level 6 in Unarmed Combat
  4359 | D:5      | Noticed an ice beast
  4458 | D:5      | Killed an ice beast
  4458 | D:5      | Your scales start taking on a golden yellow colour.
  4458 | D:5      | Reached XP level 7. HP: 31/59 MP: 10/10
  4618 | D:4      | Bought a +2 pair of boots of stealth for 215 gold pieces
  4882 | D:5      | You fall through a shaft!
  5095 | D:6      | Reached skill level 7 in Unarmed Combat
  5234 | D:6      | Found a sand-covered staircase.
  5248 | Ossuary  | Entered an ossuary
  5756 | Ossuary  | Reached skill level 5 in Fighting
  5885 | D:6      | Reached XP level 8. HP: 40/68 MP: 11/11
  6048 | D:6      | HP: 2/68 [hound (6)]
  6049 | D:6      | Slain by a hound

Vault maps used:
D:1:      saegor_arrival_miasma, minmay_fountain_box
D:2:      lightli_temple_of_fire, nicolae_qazlal_eye_of_the_storm,
          minmay_strange_pillars, hex_tiny, uniq_robin
D:3:      nicolae_overflow_crystal_walls, grunt_gozag_statues
D:4:      gammafunk_temple_overflow_wave, first_bread, serial_shops,
          kennysheep_mini_moat
D:6:      gup_ossuary_entry_pyramid
Ossuary:  ossuary_the_hunt_dpeg

Skill      XL: |  1  2  3  4  5  6  7 |
---------------+----------------------+-----
Unarmed Combat | 3 4 5 6 7 |  7.5
Fighting       | 3 4 5 |  5.2
Dodging        | 3 4 |  4.2
Throwing       | |  0.8
Spellcasting   | |  2.0
Translocations | |  3.0

Action                   |  1- 3 |  4- 6 |  7- 9 || total
-------------------------+-------+-------+-------++-------
Melee: Unarmed           |   147 |   272 |   101 ||   520
       Tailslap          |    12 |    38 |    20 ||    70
       Punch             |     3 |     1 |     2 ||     6
Throw: Tomahawk          |       |     3 |       ||     3
 Cast: Blink             |       |     1 |       ||     1
 Abil: Spit Acid         |       |       |     3 ||     3
  Use: Potion            |     3 |     1 |     3 ||     7
       Scroll            |       |     9 |     5 ||    14
 Stab: Sleeping          |     2 |     1 |     1 ||     4
       Invisible         |       |     1 |       ||     1
  Eat: Chunk             |     2 |     2 |       ||     4
       Meat ration       |       |     1 |       ||     1
       Bread ration      |       |     1 |       ||     1
       Royal jelly       |       |       |     1 ||     1
       Pizza             |       |       |     1 ||     1
       Beef jerky        |       |       |     1 ||     1
Armor: Skin              |    55 |    64 |    67 ||   186
Dodge: Dodged            |    96 |   130 |   138 ||   364
Block: Shield            |       |     8 |       ||     8
